 Dungeon Crawl Stone Soup version 0.23-a0-310-gdcc7a32 (webtiles) character file.

9 galech the Skirmisher (level 2, 19/24 HPs)
             Began as a Demonspawn Fighter on Oct 12, 2018.
             Quit the game on level 1 of the Dungeon.
             The game lasted 00:00:21 (201 turns).

galech the Skirmisher (Demonspawn Fighter)           Turns: 201, Time: 00:00:22

Health: 19/24      AC:  6    Str: 16    XL:     2   Next: 3%
Magic:  2/2        EV:  6    Int:  9    God:
Gold:   11         SH:  8    Dex: 12    Spells: 1/1 levels left

rFire    . . .     SeeInvis .   a - +0 war axe
rCold    . . .     Gourm    .   c - +0 shield
rNeg     . . .     Faith    .   b - +0 scale mail
rPois    .         Spirit   .   (no helmet)
rElec    .         Reflect  .   (no cloak)
rCorr    .         Harm     .   (no gloves)
MR       .....                  (no boots)
Stlth    +.........             (no amulet)
HPRegen  0.08/turn              (no ring)
MPRegen  0.08/turn              (no ring)

@: no status effects
A: nightstalker 1
a: no special abilities


You were on level 1 of the Dungeon.
You were not hungry.

You visited 1 branch of the dungeon, and saw 1 of its levels.

You collected 11 gold pieces.

Inventory:

Hand Weapons
 a - a +0 war axe (weapon)
Armour
 b - a +0 scale mail (worn)
 c - a +0 shield (worn)
Scrolls
 g - a scroll of teleportation {unknown}
 h - 2 scrolls of identify {unknown}
Potions
 d - a potion of might
 e - a potion of heal wounds {unknown}
Comestibles
 f - 2 rations
 i - 4 chunks of flesh


   Skills:
 + Level 3.1 Fighting
 + Level 1.8 Axes
 + Level 2.8 Armour
 + Level 3.0 Shields


You had one spell level left.
You didn't know any spells.
Your spell library was empty.

Dungeon Overview and Level Annotations

Branches:
Dungeon (1/15)

Altars:


Innate Abilities, Weirdness & Mutations

You are slightly more attuned to the shadows.


Message History

The bat hits you but does no damage. x2
Found a stone staircase leading down.
You see here a scroll labeled MUITOBR GAEWOI.
You closely miss the bat. You block the bat's attack.
The bat hits you but does no damage.
You miss the bat. You block the bat's attack.
The bat hits you but does no damage.
You miss the bat. You block the bat's attack. The bat barely misses you.
The bat hits you but does no damage. The bat closely misses you.
You closely miss the bat. x2; The bat hits you but does no damage.
You block the bat's attack. The bat hits you.
You closely miss the bat. You block the bat's attack.
The bat hits you but does no damage.
You slash the bat!
You kill the bat!
You have reached level 2!
Your demonic ancestry asserts itself...
You slip into the darkness of the dungeon.
The bat hits you.
Are you sure you want to abandon this character and quit the game? (Confirm

##.##.# ># ###...#.###.#
...#.......####
#............# #.##.
#.......# #.. ..##.
#.......# #.# #....
#..b....# #.# #.##.
#..@..# ##.## #.##.
##...####...####.##.
#........)....#.##.
####...####...##.#.##.
###......(....#.........
....[.......#...#.......
###..(..................
####...#####.##..####.
#...# #.....# ##.


You could see a bat.

Vanquished Creatures
  A bat (D:1)
  3 goblins (D:1)
  A kobold (D:1)
  A frilled lizard (D:1)
  2 rats (D:1)
8 creatures vanquished.

Notes
Turn   | Place    | Note
-------+----------+-------------------------------------------
     0 | D:1      | galech the Demonspawn Fighter began the quest for the Orb.
     0 | D:1      | Reached XP level 1. HP: 18/18 MP: 1/1
   200 | D:1      | Gained mutation: You are slightly more attuned to the
                  | shadows. [demonic ancestry]
   200 | D:1      | Reached XP level 2. HP: 19/24 MP: 2/2
   201 | D:1      | Quit the game

Vault maps used:
D:1:      minmay_arrival_hallway

Skill      XL: |  1 |
---------------+----+-----
Shields        | 3 |  3.0
Fighting       | |  3.1
Axes           | |  1.8
Armour         | |  2.8

Action                   || total
-------------------------++-------
Melee: War axe           ||    33
Armor: Scale mail        ||    22
Dodge: Dodged            ||     6
Block: Shield            ||    19

Table legend:
 A = Non-vault XP
 B = Vault XP
 C = Vault XP percentage of total XP
 D = Non-vault monster count
 E = Vault monster count
 F = Vault count percentage of total count
                 A         B        C        D         E       F
            +---------+---------+-------+---------+---------+-------
      Total |      13 |       0 |   0.0 |       8 |       0 |   0.0
            +---------+---------+-------+---------+---------+-------
        D:1 |      13 |       0 |   0.0 |       8 |       0 |   0.0
            +---------+---------+-------+---------+---------+-------
